 Dungeon Crawl Stone Soup version 0.29.0-4-gdea44cf6ec (webtiles) character file.

Game seed: 14772594732150303961

72 qw the Ruffian (level 4, -1/35 HPs)
             Began as a Ghoul Fire Elementalist on Aug 29, 2022.
             Slain by Pargi (6 damage)
             ... on level 3 of the Dungeon.
             The game lasted 00:02:10 (2286 turns).

qw the Ruffian (Ghoul Fire Elementalist)            Turns: 2286, Time: 00:02:10

Health: -1/35      AC:  2    Str: 13    XL:     4   Next: 26%
Magic:  5/5        EV: 12    Int: 10    God:
Gold:   243        SH:  5    Dex:  9    Spells: 5/6 levels left

rFire   . . .      SeeInvis .     - Unarmed
rCold   + . .      Faith    .   (no shield)
rNeg    + + +      Spirit   .   a - +0 robe
rPois   inf        Reflect  +   (no helmet)
rElec   .          Harm     .   (no cloak)
rCorr   .          Rampage  .   (no gloves)
Will    +....                   (no boots)
Stlth   ++........              e - amulet of reflection
HPRegen 0.00/turn               b - ring of willpower
MPRegen 0.09/turn               (no ring)

@: inhibited regen
A: claws 1, cold resistance 1, negative energy resistance 3, inhibited
regeneration, torment resistance 2, devour on kill
a: no special abilities


You were on level 3 of the Dungeon.
You visited 1 branch of the dungeon, and saw 3 of its levels.

You collected 243 gold pieces.


Innate Abilities, Weirdness & Mutations

You are immune to poison.
You have sharp fingernails.
Your flesh is cold resistant. (rC+)
You are immune to negative energy. (rN+++)
You do not regenerate when monsters are visible.
You are immune to unholy pain and torment.
You thrive by killing the living.


   Skills:
 - Level 1.0 Fighting
 - Level 1.7 Dodging
 - Level 2.1 Stealth
 + Level 3.9 Unarmed Combat
 - Level 1.7 Spellcasting
 - Level 0.7 Conjurations
 - Level 2.4 Fire Magic


You had 5 spell levels left.
You knew the following spells:

 Your Spells              Type           Power      Damage    Failure   Level
a - Foxfire               Conj/Fire      16%        2x1d4     17%         1

Your spell library contained the following spells:

 Spells                   Type           Power      Damage    Failure   Level
 Scorch                   Fire           10%        2d5       19%         2
 Conjure Flame            Conj/Fire      4%         6-21      45%         3
 Inner Flame              Hex/Fire       3%         N/A       52%         3
 Flame Wave               Conj/Fire      4%         2d5       86%         4

Inventory:

Armour
 a - a +0 robe (worn)
 c - a +0 ring mail
Jewellery
 b - a ring of willpower (left claw)
 e - an amulet of reflection (around neck)
Scrolls
 d - 2 scrolls of identify
 j - a scroll of vulnerability {unknown}
Potions
 f - 2 potions of curing {unknown}
 g - a potion of lignification {unknown}
 h - a potion of attraction {unknown}
 i - a potion of might {unknown}

Dungeon Overview and Level Annotations

Branches:
Dungeon (3/15)

Altars:
Kikubaaqudgha
Qazlal

Shops:
D:1 =

Annotations:
D:3 Pargi


Message History

Pargi barely misses you.
2273 ||| Stepping ~*~*~tactically~*~*~ (outnumbered).
Found an ancient bone altar of Kikubaaqudgha.
There is a stone staircase leading down here.
2274 ||| Stepping ~*~*~tactically~*~*~ (outnumbered).
The hobgoblin attacks as you move away! The hobgoblin completely misses you.
2275 ||| Stepping ~*~*~tactically~*~*~ (outnumbered).
2276 ||| Stepping ~*~*~tactically~*~*~ (outnumbered).
2277 ||| Stepping ~*~*~tactically~*~*~ (outnumbered).
The hobgoblin attacks as you move away! The hobgoblin misses you.
You scratch Pargi.
Pargi is lightly wounded.
You block Pargi's attack. Pargi claws you. Pargi misses you.
You barely miss Pargi.
Pargi is lightly wounded.
Pargi snarls, "My home!
Leave!"
Pargi barely misses you. Pargi misses you. x2
You scratch Pargi.
Pargi is moderately wounded.
You scratch Pargi but do no damage.
Pargi is moderately wounded.
Pargi completely misses you. Pargi misses you. Pargi claws you.
You scratch Pargi.
Pargi is moderately wounded.
You block Pargi's attack. x2; Pargi claws you but does no damage.
You closely miss Pargi.
Pargi is moderately wounded.
Pargi barely misses you. Pargi claws you. Pargi claws you but does no damage.
You barely miss Pargi. You claw Pargi.
Pargi is moderately wounded.
Pargi hisses menacingly.
Pargi bites you. Pargi closely misses you. You block Pargi's attack.
You barely miss Pargi.
Pargi is moderately wounded.
Pargi snarls, "Go!
Away!"
Pargi bites you. You block Pargi's attack. Pargi claws you.
You barely miss Pargi.
Pargi is moderately wounded.
Pargi bites you.
You die...

.. ....#..## ... #.
..... ### ....##.##...
..# ..........# #.#
.......#.#####.#
#!......>......#####
.#.#.###......####....#
...!..........####.##.#
.....#.......gT@...#
>.......%.#######..#
.....#....#.....#..##
..........#.....#...# #
.....##...'.._..#.###..#
..... #...#.....#......#
.#.# #...#.....#.######
## ###.#######..#..
#..........#.# #


You could see Pargi and a hobgoblin.

Vanquished Creatures
  2 adders (D:2)
  2 dart slugs (D:1)
  An orc (D:3)
  4 endoplasms (D:2)
  2 giant cockroaches
  3 goblins
  A hobgoblin (D:2)
  5 jackals (D:2)
  A quokka (D:1)
  3 ball pythons
  4 bats
  2 frilled lizards (D:1)
  7 kobolds
  14 rats
51 creatures vanquished.

Notes
Turn   | Place    | Note
-------+----------+-------------------------------------------
     0 | D:1      | qw the Ghoul Fire Elementalist began the quest for the Orb.
     0 | D:1      | Reached XP level 1. HP: 14/14 MP: 2/2
     0 | D:1      | 0 ||| qw: Version: 0.1-a-90-g952f4b7
     0 | D:1      | 0 ||| qw: Game counter: 4080
     0 | D:1      | 0 ||| qw: Always use a shield: true
     0 | D:1      | 0 ||| qw: God list: Okawaru
     0 | D:1      | 0 ||| qw: Allow faded altars: false
     0 | D:1      | 0 ||| qw: Do Orc after D:15 true
     0 | D:1      | 0 ||| qw: Do second Lair branch before Depths: true
     0 | D:1      | 0 ||| qw: Lair rune preference: random
     0 | D:1      | 0 ||| qw: Plans: Normal
     0 | D:1      | 0 ||| PLANNING D:1-11
    86 | D:1      | 86 ||| Stepping ~*~*~tactically~*~*~ (stealth).
    95 | D:1      | Reached skill level 1 in Unarmed Combat
   122 | D:1      | 122 ||| Stepping ~*~*~tactically~*~*~ (stealth).
   127 | D:1      | 127 ||| Stepping ~*~*~tactically~*~*~ (stealth).
   139 | D:1      | 139 ||| Stepping ~*~*~tactically~*~*~ (stealth).
   140 | D:1      | 140 ||| Stepping ~*~*~tactically~*~*~ (stealth).
   154 | D:1      | 154 ||| Stepping ~*~*~tactically~*~*~ (stealth).
   187 | D:1      | 187 ||| Stepping ~*~*~tactically~*~*~ (stealth).
   189 | D:1      | 189 ||| Stepping ~*~*~tactically~*~*~ (stealth).
   244 | D:1      | Reached skill level 1 in Fighting
   244 | D:1      | Reached XP level 2. HP: 17/23 MP: 3/3
   287 | D:1      | 287 ||| Stepping ~*~*~tactically~*~*~ (stealth).
   297 | D:1      | 297 ||| Stepping ~*~*~tactically~*~*~ (stealth).
   330 | D:1      | 330 ||| Stepping ~*~*~tactically~*~*~ (stealth).
   332 | D:1      | 332 ||| Stepping ~*~*~tactically~*~*~ (stealth).
   334 | D:1      | 334 ||| Stepping ~*~*~tactically~*~*~ (stealth).
   505 | D:1      | Found a faded altar of an unknown god.
   609 | D:1      | Reached skill level 2 in Unarmed Combat
   640 | D:1      | Found Runluilu's Jewellery Emporium.
   652 | D:1      | 652 ||| SHOPLISTING ring of Deck {rPois rC- Will+ Str+7
                  | Int-2} (436 gold, have 50).
   652 | D:1      | 652 ||| SHOPLISTING ring of ice (275 gold, have 50).
   652 | D:1      | 652 ||| SHOPLISTING ring of resist corrosion (220 gold,
                  | have 50).
  1004 | D:1      | 1004 ||| UPGRADING to amulet of reflection.
  1009 | D:1      | 1009 ||| DROPPING ring of magical power.
  1010 | D:1      | 1010 ||| READING scroll labelled QIATZU BOMULE.
  1011 | D:1      | 1011 ||| READING scroll labelled BELAGA QEIC.
  1012 | D:1      | 1012 ||| DROPPING potion of magic.
  1079 | D:2      | Reached XP level 3. HP: 20/28 MP: 4/4
  1312 | D:2      | Reached skill level 3 in Unarmed Combat
  1438 | D:2      | 1438 ||| Stepping ~*~*~tactically~*~*~ (stealth).
  1442 | D:2      | 1442 ||| Stepping ~*~*~tactically~*~*~ (stealth).
  1450 | D:2      | 1450 ||| Stepping ~*~*~tactically~*~*~ (stealth).
  1451 | D:2      | 1451 ||| Stepping ~*~*~tactically~*~*~ (stealth).
  1870 | D:2      | 1870 ||| Stepping ~*~*~tactically~*~*~ (stealth).
  1891 | D:2      | Reached XP level 4. HP: 26/35 MP: 5/5
  2115 | D:2      | 2115 ||| UPGRADING to ring of willpower.
  2116 | D:2      | 2116 ||| READING scroll labelled MOSKIR BAUPNAU.
  2144 | D:3      | 2144 ||| PLANNING SEWER
  2168 | D:3      | Found a stormy altar of Qazlal.
  2263 | D:3      | Noticed Pargi
  2270 | D:3      | 2270 ||| Stepping ~*~*~tactically~*~*~ (outnumbered).
  2271 | D:3      | 2271 ||| Stepping ~*~*~tactically~*~*~ (outnumbered).
  2272 | D:3      | 2272 ||| Stepping ~*~*~tactically~*~*~ (outnumbered).
  2273 | D:3      | 2273 ||| Stepping ~*~*~tactically~*~*~ (outnumbered).
  2273 | D:3      | Found an ancient bone altar of Kikubaaqudgha.
  2274 | D:3      | 2274 ||| Stepping ~*~*~tactically~*~*~ (outnumbered).
  2275 | D:3      | 2275 ||| Stepping ~*~*~tactically~*~*~ (outnumbered).
  2276 | D:3      | 2276 ||| Stepping ~*~*~tactically~*~*~ (outnumbered).
  2277 | D:3      | 2277 ||| Stepping ~*~*~tactically~*~*~ (outnumbered).
  2285 | D:3      | HP: 7/35 [Pargi (3)]
  2286 | D:3      | Slain by Pargi

Levels and vault maps discovered:
D:1:      heliophobic_arrival_dark_side_of_the_moon, layout_basic,
          ebering_ecumenical_altar_webs, serial_shops, nicolae_square_shop,
          minmay_rat_gold_closets
D:2:      layout_loops_cross, patterned_corridor
D:3:      layout_basic, amcnicky_altar_gilded,
          mainiacjoe_overflow_small_starburst, portal_sewer_entry_d,
          st_stairs_4, minmay_cupped, uniq_terence, uniq_pargi

Skill      XL: |  1  2  3 |
---------------+----------+-----
Unarmed Combat | 1 2 3 |  3.9
Fighting       | 1 |  1.0
Dodging        | |  1.7
Stealth        | |  2.1
Spellcasting   | |  1.7
Conjurations   | |  0.7
Fire Magic     | |  2.4

Action                   |  1- 3 |  4- 6 || total
-------------------------+-------+-------++-------
Melee: Unarmed           |   153 |    33 ||   186
       Punch             |       |     2 ||     2
  Use: Scroll            |     2 |     1 ||     3
 Stab: Sleeping          |     1 |       ||     1
Armor: Robe              |    16 |     5 ||    21
Dodge: Dodged            |    80 |    19 ||    99
Block: Other             |    20 |     9 ||    29

Table legend:
 A = Non-vault XP
 B = Vault XP
 C = Vault XP percentage of total XP
 D = Non-vault monster count
 E = Vault monster count
 F = Vault count percentage of total count
                 A         B        C        D         E       F
            +---------+---------+-------+---------+---------+-------
      Total |      93 |      11 |  10.6 |      41 |      10 |  19.6
            +---------+---------+-------+---------+---------+-------
        D:1 |      21 |       9 |  30.0 |      11 |       9 |  45.0
        D:2 |      66 |       0 |   0.0 |      27 |       0 |   0.0
        D:3 |       6 |       2 |  25.0 |       3 |       1 |  25.0
            +---------+---------+-------+---------+---------+-------
